 Dungeon Crawl Stone Soup version 0.17.1-1-g73c8601 (webtiles) character file.

4592 Mysteryquy the Thaumaturge (level 10, -7/63 HPs)
             Began as a Demonspawn Fire Elementalist on Jan 5, 2016.
             Was a Believer of Vehumet.
             Killed from afar by Nergalle (16 damage)
             ... with a bolt of negative energy
             ... on level 10 of the Dungeon.
             The game lasted 00:28:52 (12100 turns).

Mysteryquy the Thaumaturge (DsFE)                  Turns: 12100, Time: 00:28:52

Health: -7/63      AC: 10    Str:  9    XL:     10   Next: 18%
Magic:  2/23       EV: 10    Int: 19    God:    Vehumet [**....]
Gold:   540        SH:  0    Dex: 19    Spells: 5 memorised, 13 levels left

rFire  . . .     SeeInvis .     I - +1 rapier
rCold  . . .     Clarity  .     a - +0 robe
rNeg   . . .     SustAt   .     (no shield)
rPois  .         Gourm    .     (helmet restricted)
rElec  .         Spirit   .     C - +2 cloak
rCorr  .         Warding  .     h - +0 pair of gloves
rMut   .         Stasis   .     H - +0 pair of boots
MR     +....                    (no amulet)
Stlth  ++++......               B - ring of protection from magic
                                L - +5 ring of dexterity

@: heavily drained, somewhat resistant to hostile enchantments, stealthy
A: horns 2, icy blue scales 2, nightstalker 2, sense surroundings 1
a: Renounce Religion


You were on level 10 of the Dungeon.
You worshipped Vehumet.
Vehumet was pleased with you.
You were hungry.

You visited 2 branches of the dungeon, and saw 11 of its levels.
You also visited: Ossuary.

You collected 540 gold pieces.

Inventory:

Hand Weapons
 I - a +1 rapier (weapon)
Armour
 a - a +0 robe (worn)
 h - a +0 pair of gloves (worn)
 u - a +0 cloak
 C - a +2 cloak (worn)
 H - a +0 pair of boots (worn)
Jewellery
 z - an uncursed ring of loudness
 B - a ring of protection from magic (right hand)
 L - a +5 ring of dexterity (left hand)
Wands
 o - a wand of confusion (16)
 w - a wand of lightning (7)
 A - a wand of digging (1)
 G - a wand of confusion (20)
Scrolls
 d - 2 scrolls of blinking
 e - 14 scrolls of identify
 k - 4 scrolls of teleportation
 m - 4 scrolls of enchant weapon
 p - a scroll of amnesia
 y - a scroll of magic mapping
 J - a scroll of noise
Potions
 f - 2 potions of brilliance {unknown}
 g - 2 potions of heal wounds
 i - 5 potions of curing
 l - 2 potions of mutation {unknown}
 n - a potion of flight {unknown}
 r - a potion of might {unknown}
 s - 3 potions of poison {unknown}
 x - 3 potions of ambrosia {unknown}
 F - a potion of invisibility {unknown}
Books
 b - a book of Flames

   Spells                             Type                      Level
   a - Flame Tongue                   Conjuration/Fire             1
   b - Throw Flame                    Conjuration/Fire             2
   c - Conjure Flame                  Conjuration/Fire             3
   d - Inner Flame                    Hexes/Fire                   3
   e - Sticky Flame                   Conjuration/Fire             4
   f - Fireball                       Conjuration/Fire             5
 E - a book of Geomancy

   Spells                             Type                      Level
   a - Sandblast                      Earth                        1
   b - Stoneskin                      Transmutation/Earth          2
   c - Passwall                       Transmutation/Earth          3
   d - Stone Arrow                    Conjuration/Earth            3
   e - Petrify                        Transmutation/Earth          4
   f - Lee's Rapid Deconstruction     Earth                        5
 M - a book of Minor Magic

   Spells                             Type                      Level
   a - Magic Dart                     Conjuration                  1
   b - Blink                          Translocation                2
   c - Call Imp                       Summoning                    2
   d - Repel Missiles                 Charms/Air                   2
   e - Slow                           Hexes                        2
   f - Conjure Flame                  Conjuration/Fire             3
   g - Mephitic Cloud                 Conjuration/Poison/Air       3
Comestibles
 c - 7 bread rations
 q - 7 beef jerkies
 t - a royal jelly
 v - 8 fruits
 D - 2 meat rations


   Skills:
 + Level 5.5(4.2) Short Blades
 - Level 1.7(0.6) Dodging
 - Level 1.7(0.6) Stealth
 * Level 9.2(7.9) Spellcasting
 + Level 6.6(5.3) Conjurations
 + Level 6.8(5.6) Fire Magic


You had 13 spell levels left.
You knew the following spells:

 Your Spells              Type           Power        Failure   Level  Hunger
a - Flame Tongue          Conj/Fire      ####.        1%          1    None
b - Conjure Flame         Conj/Fire      ####....     3%          3    None
c - Sticky Flame          Conj/Fire      ####....     12%         4    ###....
d - Shock                 Conj/Air       ###.         3%          1    None
e - Fireball              Conj/Fire      ####......   34%         5    #####..


Dungeon Overview and Level Annotations

Branches:
Dungeon (10/15)            Temple (1/1) D:4
   Lair: D:8-11         Orc: D:9-12

Altars:
Ashenzari
Cheibriados
Dithmenos
Elyvilon
Fedhas
Gozag
Kikubaaqudgha
Makhleb
Nemelex Xobeh
Okawaru
Qazlal
Ru
Sif Muna
Trog
Vehumet
Xom
Yredelemnul
Zin
The Shining One

Annotations:
D:10 Nergalle


Innate Abilities, Weirdness & Mutations

You have a pair of horns on your head.
You are mostly covered in icy blue scales (AC +3, EV -1).
You are significantly more attuned to the shadows.
You passively map a small area around you.


Message History

Casting: Flame Tongue
Confirm with . or Enter, or press ? or * to list all spells.
You don't have enough magic to cast that spell.
You hit Nergalle but do no damage.
Nergalle is almost dead.
The spectral orc warlord closely misses you.
You hit Nergalle.
Nergalle is almost dead.
Nergalle hits you but does no damage.
You hit Nergalle.
Nergalle is almost dead.
Nergalle hits you with a dagger.
The spectral orc warlord hits you with a battleaxe of electrocution.
You are electrocuted!
* * * LOW HITPOINT WARNING * * *
You hit Nergalle but do no damage. Your headbutt misses Nergalle.
Nergalle is almost dead.
Nergalle gestures at you while chanting.
The bolt of negative energy hits you!
You feel drained.
You die...

* * *, , , *
, * ,, , * *
** ########*
#Z@o....
#$###### * #
#.# #.#.# ,
#.#.######*
#.........,,
###.######
#.# #<#


You could see Nergalle and a spectral orc warlord.

Vanquished Creatures
  Psyche (D:8)
  A two-headed ogre (D:9)
  Sigmund (D:4)
  Menkaure (D:7)
  A black bear (D:7)
  5 sky beasts
  5 ice beasts
  3 ogres
  An orc warrior (D:9)
  A phantom (D:6)
  3 centaurs (D:8)
  3 giant frogs
  5 scorpions
  2 centaur zombies
  3 crimson imps
  A hound (D:6)
  A quasit (D:5)
  A wasp zombie (D:6)
  A giant frog zombie (D:6)
  3 orc priests
  A giant frog skeleton (D:5)
  A gnoll shaman (D:5)
  A human zombie (Ossuary)
  8 orc wizards
  8 iguanas
  7 worker ants
  Natasha (thrice) (D:4)
  A killer bee zombie (D:7)
  3 big kobold zombies (Ossuary)
  A hound zombie (D:7)
  2 mummies (Ossuary)
  A worker ant zombie (D:5)
  Robin (D:4)
  10 adders
  15 gnolls
  4 shadow imps
  An ooze (D:3)
  3 adder zombies
  A worm (D:5)
  2 adder skeletons
  5 giant geckos
  31 orcs
  3 giant cockroaches
  12 hobgoblins
  10 jackals
  6 quokkas
  3 ball pythons (D:4)
  11 bats
  A giant gecko skeleton (D:4)
  7 giant newts
  12 goblins
  A goblin zombie (Ossuary)
  9 hobgoblin zombies (Ossuary)
  A jackal zombie (Ossuary)
  8 kobolds
  9 kobold zombies (Ossuary)
  7 orc zombies (Ossuary)
  2 quokka skeletons (D:5)
  A quokka zombie (D:5)
  5 rats
  3 rat zombies
264 creatures vanquished.

Notes
Turn   | Place    | Note
--------------------------------------------------------------
     0 | D:1      | Mysteryquy the Demonspawn Fire Elementalist began the quest for the Orb.
     0 | D:1      | Reached XP level 1. HP: 13/13 MP: 3/3
   368 | D:1      | Gained mutation: You have a pair of small horns on your head. [demonic ancestry]
   368 | D:1      | Reached XP level 2. HP: 2/19 MP: 0/5
   828 | D:1      | Reached skill level 3 in Fire Magic
  1369 | D:2      | Reached XP level 3. HP: 24/24 MP: 2/6
  1854 | D:2      | Gained mutation: You are slightly more attuned to the shadows. [demonic ancestry]
  1854 | D:2      | Reached XP level 4. HP: 30/30 MP: 4/8
  2021 | D:3      | Noticed a giant frog
  2029 | D:3      | Killed a giant frog
  2195 | D:3      | Gained mutation: You are partially covered in icy blue scales (AC +1). [demonic ancestry]
  2195 | D:3      | Reached XP level 5. HP: 35/35 MP: 7/10
  2769 | D:3      | Learned a level 3 spell: Conjure Flame
  3121 | D:3      | Reached skill level 4 in Spellcasting
  3302 | D:3      | Found an iron altar of Okawaru.
  3460 | D:4      | Reached skill level 1 in Short Blades
  3460 | D:4      | Reached XP level 6. HP: 37/41 MP: 7/12
  3785 | D:4      | Found a staircase to the Ecumenical Temple.
  3932 | D:4      | Found an iron altar of Okawaru.
  3994 | D:4      | Noticed Robin
  4009 | D:4      | Killed Robin
  4246 | D:4      | Noticed Natasha
  4259 | D:4      | Gained mutation: You are significantly more attuned to the shadows. [demonic ancestry]
  4259 | D:4      | Reached XP level 7. HP: 32/46 MP: 10/14
  4262 | D:4      | Killed Natasha
  4525 | D:4      | Noticed Sigmund
  4533 | D:4      | Learned a level 4 spell: Sticky Flame
  4642 | D:5      | Entered Level 5 of the Dungeon
  4654 | D:5      | Reached skill level 5 in Spellcasting
  4873 | D:5      | Noticed an ogre
  4904 | D:5      | Killed an ogre
  5087 | D:5      | Found a sand-covered staircase.
  5182 | Ossuary  | Entered an ossuary
  5960 | Ossuary  | Gained mutation: You are mostly covered in icy blue scales (AC +3, EV -1). [demonic ancestry]
  5960 | Ossuary  | Reached XP level 8. HP: 20/52 MP: 5/16
  6130 | D:5      | Reached skill level 6 in Spellcasting
  6227 | D:5      | Reached skill level 5 in Fire Magic
  6358 | D:4      | Killed Sigmund
  6433 | Temple   | Entered the Ecumenical Temple
  6636 | Temple   | Became a worshipper of Vehumet
  6659 | D:4      | Noticed Natasha
  6659 | D:4      | Killed Natasha
  6672 | D:4      | Noticed Natasha
  6673 | D:4      | Killed Natasha
  7897 | D:6      | Reached * piety under Vehumet
  7897 | D:6      | Offered knowledge of Shock by Vehumet.
  7937 | D:6      | Learned a level 1 spell: Shock
  8048 | D:6      | Reached skill level 7 in Spellcasting
  8244 | D:6      | Reached skill level 5 in Conjurations
  8601 | D:6      | Reached XP level 9. HP: 57/57 MP: 12/20
  8714 | D:6      | Found an ancient bone altar of Kikubaaqudgha.
  8941 | D:7      | Noticed Menkaure
  8944 | D:7      | Killed Menkaure
  9686 | D:7      | Reached skill level 8 in Spellcasting
 10488 | D:8      | Noticed Psyche
 10497 | D:8      | Killed Psyche
 10497 | D:8      | Reached skill level 5 in Short Blades
 10802 | D:8      | Offered knowledge of Magic Dart by Vehumet.
 11082 | D:9      | Reached ** piety under Vehumet
 11161 | D:9      | Reached skill level 9 in Spellcasting
 11165 | D:9      | Gained mutation: You have a pair of horns on your head. [demonic ancestry]
 11165 | D:9      | Reached XP level 10. HP: 60/63 MP: 5/23
 11510 | D:9      | Found a shattered altar of Ashenzari.
 11527 | D:9      | Gained mutation: You passively map a small area around you. [mutagenic meat]
 12045 | D:9      | Learned a level 5 spell: Fireball
 12072 | D:10     | Entered Level 10 of the Dungeon
 12079 | D:10     | Noticed Nergalle
 12093 | D:10     | Noticed a spectral orc warlord
 12100 | D:10     | Killed from afar by Nergalle

Action                   |  1- 3 |  4- 6 |  7- 9 | 10-12 || total
-------------------------+-------+-------+-------+-------++-------
Melee: Unarmed           |    37 |       |       |       ||    37
       Rapier            |       |    40 |   104 |    13 ||   157
 Cast: Flame Tongue      |    65 |   141 |   414 |    47 ||   667
       Conjure Flame     |       |     1 |     8 |     2 ||    11
       Sticky Flame      |       |       |    23 |     6 ||    29
       Shock             |       |       |     4 |       ||     4
  Use: Potion            |       |       |     2 |     1 ||     3
       Scroll            |       |       |    10 |     4 ||    14
 Stab: Sleeping          |       |       |     1 |       ||     1
  Eat: Chunk             |     3 |     8 |    20 |     4 ||    35
       Bread ration      |       |       |     1 |       ||     1
